 Dungeon Crawl Stone Soup version 0.29.0-4-gdea44cf6ec (webtiles) character file.

Game seed: 14703269454907520101

359 qw the Ruffian (level 6, -1/50 HPs)
             Began as a Ghoul Fire Elementalist on Aug 29, 2022.
             Slain by a jackal (2 damage)
             ... on level 5 of the Dungeon.
             The game lasted 00:02:55 (4319 turns).

qw the Ruffian (Ghoul Fire Elementalist)            Turns: 4319, Time: 00:02:55

Health: -1/50      AC: -7    Str: 14    XL:     6   Next: 65%
Magic:  7/7        EV: 10    Int: 10    God:
Gold:   225        SH:  0    Dex:  9    Spells: 7/8 levels left

rFire   . . .      SeeInvis .     - Unarmed
rCold   + . .      Faith    .   (no shield)
rNeg    + + +      Spirit   .   g - +0 ring mail
rPois   inf        Reflect  .   (no helmet)
rElec   .          Harm     .   (no cloak)
rCorr   .          Rampage  .   (no gloves)
Will    .....                   (no boots)
Stlth   +.........              (no amulet)
HPRegen 0.00/turn               c - +4 ring of slaying {mikee}
MPRegen 0.10/turn               (no ring)

@: about to teleport, corroded, inhibited regen
A: claws 1, cold resistance 1, negative energy resistance 3, inhibited
regeneration, torment resistance 2, devour on kill
a: no special abilities


You were on level 5 of the Dungeon.
You visited 1 branch of the dungeon, and saw 5 of its levels.

You collected 225 gold pieces.


Innate Abilities, Weirdness & Mutations

You are immune to poison.
You have sharp fingernails.
Your flesh is cold resistant. (rC+)
You are immune to negative energy. (rN+++)
You do not regenerate when monsters are visible.
You are immune to unholy pain and torment.
You thrive by killing the living.


   Skills:
 + Level 2.9 Fighting
 - Level 1.7 Dodging
 - Level 2.1 Stealth
 - Level 6.3 Unarmed Combat
 - Level 1.7 Spellcasting
 - Level 0.7 Conjurations
 - Level 2.4 Fire Magic


You had 7 spell levels left.
You knew the following spells:

 Your Spells              Type           Power      Damage    Failure   Level
a - Foxfire               Conj/Fire      16%        2x1d4     34%         1

Your spell library contained the following spells:

 Spells                   Type           Power      Damage    Failure   Level
 Scorch                   Fire           10%        2d6       36%         2
 Conjure Flame            Conj/Fire      4%         6-21      71%         3
 Inner Flame              Hex/Fire       3%         N/A       77%         3
 Flame Wave               Conj/Fire      4%         2d5       98%         4

Inventory:

Armour
 a - a +2 leather armour of cold resistance
 g - a +0 ring mail (worn)
Jewellery
 c - a +4 ring of slaying (left claw) {mikee}
Scrolls
 b - 3 scrolls of teleportation
Potions
 f - a potion of curing {unknown}
 h - a potion of degeneration {unknown}
 i - a potion of mutation
 j - a potion of lignification {unknown}

Dungeon Overview and Level Annotations

Branches:
Dungeon (5/15)
 Temple: D:4-7

Altars:

Shops:
D:5 (((


Message History

The jackal barks!
You claw the black bear!
You kill the black bear!
You feel better. The jackal closely misses you.
Your Unarmed Combat skill increases to level 6!
You completely miss the jackal. You closely miss the jackal.
The jackal bites you. The jackal misses you.
A jelly comes into view.
The jelly quivers.
You claw the jackal!
You kill the jackal!
The jackal bites you but does no damage.
The hound bites you.
The jackal bites you but does no damage.
You claw the hound!
The hound is heavily wounded.
The hound bites you. The jackal closely misses you.
You closely miss the hound.
The hound is heavily wounded.
The hound closely misses you. The jackal closely misses you.
You claw the hound!
The hound is almost dead.
The hound bites you. The jackal closely misses you.
You claw the hound!
You kill the hound!
The jackal misses you. The jackal bites you.
You scratch the jelly. The acid corrodes you!
Your claws burn!
The jelly is moderately wounded.
The jelly hits you.
You are splashed with acid!
The jackal closely misses you.
You scratch the jelly. The acid corrodes you!
Your claws burn!
The jelly is heavily wounded.
The jelly hits you. The acid corrodes you!
You are splashed with acid.
The jackal barely misses you.
4319 ||| READING 4 scrolls of teleportation.
As you read the scroll of teleportation, it crumbles to dust.
You feel strangely unstable. The jackal bites you.
You die...

..#.######
..........
..........
#.........
#.......
#......
###.#J#.#
#...@h#.###.o
#.#.#.......#
#.#.#)......#
#)#.........#
#.###.#.###.#
#.# ..#.# #
#)# ###.# #.#
# #.####


You could see a jelly and a jackal.

Vanquished Creatures
  A black bear (D:5)
  An ogre (D:5)
  A hound (D:5)
  An iguana (D:4)
  2 orc wizards
  3 adders
  2 worms
  A dart slug (D:1)
  4 orcs
  4 ball pythons
  2 bats
  8 endoplasms
  3 giant cockroaches
  4 goblins
  4 hobgoblins
  A jackal (D:5)
  3 kobolds
  2 quokkas
  2 frilled lizards
  4 rats
53 creatures vanquished.

Notes
Turn   | Place    | Note
-------+----------+-------------------------------------------
     0 | D:1      | qw the Ghoul Fire Elementalist began the quest for the Orb.
     0 | D:1      | Reached XP level 1. HP: 14/14 MP: 2/2
     0 | D:1      | 0 ||| qw: Version: 0.1-a-90-g952f4b7
     0 | D:1      | 0 ||| qw: Game counter: 3656
     0 | D:1      | 0 ||| qw: Always use a shield: true
     0 | D:1      | 0 ||| qw: God list: Okawaru
     0 | D:1      | 0 ||| qw: Allow faded altars: false
     0 | D:1      | 0 ||| qw: Do Orc after D:15 true
     0 | D:1      | 0 ||| qw: Do second Lair branch before Depths: true
     0 | D:1      | 0 ||| qw: Lair rune preference: random
     0 | D:1      | 0 ||| qw: Plans: Normal
     0 | D:1      | 0 ||| PLANNING D:1-11
   258 | D:1      | Reached skill level 1 in Unarmed Combat
   458 | D:1      | Reached XP level 2. HP: 15/22 MP: 3/3
   597 | D:1      | Reached skill level 1 in Fighting
   729 | D:1      | 729 ||| Stepping ~*~*~tactically~*~*~ (stealth).
   807 | D:1      | 807 ||| Stepping ~*~*~tactically~*~*~ (stealth).
   808 | D:1      | 808 ||| Stepping ~*~*~tactically~*~*~ (stealth).
   809 | D:1      | 809 ||| Stepping ~*~*~tactically~*~*~ (stealth).
   810 | D:1      | 810 ||| Stepping ~*~*~tactically~*~*~ (stealth).
   812 | D:1      | 812 ||| Stepping ~*~*~tactically~*~*~ (stealth).
   813 | D:1      | 813 ||| Stepping ~*~*~tactically~*~*~ (stealth).
   825 | D:1      | 825 ||| Stepping ~*~*~tactically~*~*~ (stealth).
   834 | D:1      | 834 ||| Stepping ~*~*~tactically~*~*~ (stealth).
   835 | D:1      | 835 ||| Stepping ~*~*~tactically~*~*~ (stealth).
   841 | D:1      | 841 ||| Stepping ~*~*~tactically~*~*~ (stealth).
   842 | D:1      | 842 ||| Stepping ~*~*~tactically~*~*~ (stealth).
   845 | D:1      | 845 ||| Stepping ~*~*~tactically~*~*~ (stealth).
   848 | D:1      | 848 ||| Stepping ~*~*~tactically~*~*~ (stealth).
   855 | D:1      | 855 ||| Stepping ~*~*~tactically~*~*~ (stealth).
   864 | D:1      | 864 ||| Stepping ~*~*~tactically~*~*~ (stealth).
   868 | D:1      | 868 ||| Stepping ~*~*~tactically~*~*~ (stealth).
   870 | D:1      | 870 ||| Stepping ~*~*~tactically~*~*~ (stealth).
   871 | D:1      | 871 ||| Stepping ~*~*~tactically~*~*~ (stealth).
  1000 | D:1      | 1000 ||| Stepping ~*~*~tactically~*~*~ (stealth).
  1012 | D:1      | Reached skill level 2 in Unarmed Combat
  1304 | D:1      | 1304 ||| UPGRADING to +0 leather armour.
  1314 | D:1      | 1314 ||| DROPPING +0 robe.
  1315 | D:1      | 1315 ||| UPGRADING to +0 ring mail.
  1325 | D:1      | 1325 ||| DROPPING +0 leather armour.
  1326 | D:1      | 1326 ||| READING 2 scrolls labelled MYSIYM CIGOPSO.
  1327 | D:1      | 1327 ||| READING scroll labelled NIEVEB NISUO.
  1332 | D:1      | 1332 ||| DROPPING potion of magic.
  1333 | D:1      | 1333 ||| DROPPING scroll of fear.
  1372 | D:2      | 1372 ||| Stepping ~*~*~tactically~*~*~ (stealth).
  1373 | D:2      | 1373 ||| Stepping ~*~*~tactically~*~*~ (stealth).
  1374 | D:2      | 1374 ||| Stepping ~*~*~tactically~*~*~ (stealth).
  1375 | D:2      | 1375 ||| Stepping ~*~*~tactically~*~*~ (stealth).
  1378 | D:2      | Reached XP level 3. HP: 28/28 MP: 4/4
  1637 | D:2      | Reached skill level 3 in Unarmed Combat
  2187 | D:2      | Found a faded altar of an unknown god.
  2232 | D:2      | 2232 ||| READING scroll labelled SEFUSCH ZILY.
  2333 | D:2      | 2333 ||| READING scroll labelled TAWUQAHATHRI.
  2387 | D:3      | Reached XP level 4. HP: 30/35 MP: 5/5
  2387 | D:3      | 2387 ||| STAIRDANCE
  2831 | D:3      | 2831 ||| Stepping ~*~*~tactically~*~*~ (stealth).
  3048 | D:3      | 3048 ||| UPGRADING to +4 ring of slaying {mikee}.
  3049 | D:3      | 3049 ||| DRINKING 2 golden potions.
  3089 | D:4      | Reached skill level 4 in Unarmed Combat
  3117 | D:4      | 3117 ||| Stepping ~*~*~tactically~*~*~ (stealth).
  3449 | D:4      | 3449 ||| Stepping ~*~*~tactically~*~*~ (hiding).
  3581 | D:4      | Reached XP level 5. HP: 27/42 MP: 6/6
  3808 | D:4      | 3808 ||| READING scroll labelled ZEOV SUHUH.
  3809 | D:4      | 3809 ||| READING scroll labelled BISEFI NIPE.
  3810 | D:4      | 3810 ||| DRINKING 2 bubbling purple potions.
  3819 | D:5      | Entered Level 5 of the Dungeon
  3887 | D:5      | Found Pachus's Weapon Shoppe.
  3912 | D:5      | 3912 ||| Stepping ~*~*~tactically~*~*~ (outnumbered).
  3913 | D:5      | 3913 ||| Stepping ~*~*~tactically~*~*~ (outnumbered).
  3914 | D:5      | 3914 ||| Stepping ~*~*~tactically~*~*~ (outnumbered).
  3915 | D:5      | 3915 ||| Stepping ~*~*~tactically~*~*~ (outnumbered).
  3916 | D:5      | 3916 ||| Stepping ~*~*~tactically~*~*~ (outnumbered).
  3917 | D:5      | 3917 ||| Stepping ~*~*~tactically~*~*~ (outnumbered).
  3918 | D:5      | 3918 ||| Stepping ~*~*~tactically~*~*~ (outnumbered).
  3919 | D:5      | 3919 ||| Stepping ~*~*~tactically~*~*~ (outnumbered).
  3921 | D:5      | HP: 8/42 [wight/+0 scimitar (12)]
  3922 | D:5      | 3922 ||| READING 5 scrolls of teleportation.
  3923 | D:5      | 3923 ||| DRINKING potion of heal wounds.
  4124 | D:5      | Found Imnohil's Antique Weapon Shoppe.
  4126 | D:5      | Found Ygamocav's Antique Weapon Shop.
  4189 | D:5      | Noticed an ogre
  4198 | D:5      | Killed an ogre
  4199 | D:5      | Reached skill level 5 in Unarmed Combat
  4236 | D:5      | Reached XP level 6. HP: 41/50 MP: 7/7
  4294 | D:5      | 4294 ||| Stepping ~*~*~tactically~*~*~ (stealth).
  4297 | D:5      | 4297 ||| Stepping ~*~*~tactically~*~*~ (stealth).
  4300 | D:5      | Noticed a black bear
  4304 | D:5      | 4304 ||| Stepping ~*~*~tactically~*~*~ (stealth).
  4308 | D:5      | 4308 ||| Stepping ~*~*~tactically~*~*~ (stealth).
  4309 | D:5      | Killed a black bear
  4310 | D:5      | Reached skill level 6 in Unarmed Combat
  4318 | D:5      | HP: 10/50 [acid (4)]
  4318 | D:5      | HP: 1/50 [acid (6)]
  4319 | D:5      | 4319 ||| READING 4 scrolls of teleportation.
  4319 | D:5      | Slain by a jackal

Levels and vault maps discovered:
D:1:      saegor_arrival_simple_e, layout_loops_cross
D:2:      layout_loops_ring, chequers_ecumenical_altar_twisty
D:3:      layout_rooms
D:4:      layout_layer_cave
D:5:      layout_basic, minmay_temple_entry_hall, serial_shops,
          nicolae_lakefront_shop, nicolae_shop_trees, shop, shop,
          uniq_crazy_yiuf_cottage, uniq_sigmund

Skill      XL: |  1  2  3  4  5  6 |
---------------+-------------------+-----
Unarmed Combat | 1 2 3 4 5 6 |  6.3
Fighting       | 1 2 |  2.9
Dodging        | |  1.7
Stealth        | |  2.1
Spellcasting   | |  1.7
Conjurations   | |  0.7
Fire Magic     | |  2.4

Action                   |  1- 3 |  4- 6 || total
-------------------------+-------+-------++-------
Melee: Unarmed           |   145 |    88 ||   233
       Punch             |     1 |     1 ||     2
  Use: Scroll            |     4 |     4 ||     8
       Potion            |       |     3 ||     3
 Stab: Distracted        |     1 |       ||     1
Armor: Robe              |    17 |       ||    17
       Ring mail         |    24 |    23 ||    47
Dodge: Dodged            |    64 |    42 ||   106

Table legend:
 A = Non-vault XP
 B = Vault XP
 C = Vault XP percentage of total XP
 D = Non-vault monster count
 E = Vault monster count
 F = Vault count percentage of total count
                 A         B        C        D         E       F
            +---------+---------+-------+---------+---------+-------
      Total |     513 |       0 |   0.0 |      53 |       0 |   0.0
            +---------+---------+-------+---------+---------+-------
        D:1 |      31 |       0 |   0.0 |      15 |       0 |   0.0
        D:2 |      50 |       0 |   0.0 |      15 |       0 |   0.0
        D:3 |      25 |       0 |   0.0 |       7 |       0 |   0.0
        D:4 |      88 |       0 |   0.0 |      10 |       0 |   0.0
        D:5 |     319 |       0 |   0.0 |       6 |       0 |   0.0
            +---------+---------+-------+---------+---------+-------
